 Dungeon Crawl Stone Soup version 0.26-a0-53-g45f243fec8 (webtiles) character file.

Game seed: 15891536850914525953

726 Nixze the Sneak (level 7, -2/53 HPs)
             Began as a Demonspawn Assassin on June 7, 2020.
             Slain by a hound skeleton (3 damage)
             ... on level 4 of the Dungeon.
             The game lasted 00:09:17 (4761 turns).

Nixze the Sneak (Demonspawn Assassin)               Turns: 4761, Time: 00:09:18

Health: -2/53      AC:  5    Str: 13    XL:     7   Next: 44%
Magic:  7/7        EV: 13    Int: 12    God:
Gold:   180        SH:  4    Dex: 15    Spells: 6/6 levels left

rFire    + . .     SeeInvis .   b - +0 dagger (venom)
rCold    + . .     Gourm    .   (no shield)
rNeg     . . .     Faith    .   k - +2 robe {rC+ rF+}
rPois    .         Spirit   .   (no helmet)
rElec    .         Reflect  .   c - +0 cloak
rCorr    .         Harm     .   (no gloves)
MR       .....     Rnd*Tele +   (no boots)
Stlth    ++++......             (no amulet)
HPRegen  0.17/turn              j - ring of teleportation (curse)
MPRegen  0.10/turn              (no ring)

@: no status effects
A: large bone plates 1, nightstalker 1
a: no special abilities


You were on level 4 of the Dungeon.
You were hungry.

You visited 1 branch of the dungeon, and saw 4 of its levels.

You collected 180 gold pieces.

Inventory:

Hand Weapons
 a - a +2 dagger
 b - a +0 dagger of venom (weapon)
Missiles
 d - 26 poisoned darts (quivered)
 e - 2 curare-tipped darts
 l - 3 atropa-tipped darts
Armour
 c - a +0 cloak (worn)
 h - a +0 leather armour
 k - a +2 robe of resistance (worn)
Magical Staves
 t - an uncursed staff of summoning
Jewellery
 j - a cursed ring of teleportation (left hand)
 q - an uncursed ring of ice
 r - an uncursed ring of resist corrosion {unknown}
Scrolls
 m - a scroll of identify
 n - 2 scrolls of magic mapping
 o - a scroll of fear
 p - 2 scrolls of teleportation
 v - a scroll of remove curse {unknown}
Potions
 i - a potion of magic
 s - 3 potions of ambrosia {unknown}
 u - a potion of flight {unknown}
Comestibles
 f - 8 rations


   Skills:
 + Level 3.7 Fighting
 * Level 4.7 Short Blades
 + Level 3.4 Throwing
 + Level 3.0 Dodging
 + Level 5.0 Stealth


You had 6 spell levels left.
You didn't know any spells.
Your spell library contained the following spells:

 Spells                   Type           Power        Failure   Level  Hunger
 Magic Dart               Conj           #...         32%         1    ##.....
 Blink                    Tloc           N/A          45%         2    ###....
 Call Imp                 Summ           #.......     45%         2    ###....
 Slow                     Hex            #.......     45%         2    ###....
 Conjure Flame            Conj/Fire      #.......     69%         3    ####...
 Mephitic Cloud           Conj/Pois/Air  #.......     69%         3    ####...


Dungeon Overview and Level Annotations

Branches:
Dungeon (4/15)
 Temple: D:4-7

Altars:
Kikubaaqudgha
Yredelemnul


Innate Abilities, Weirdness & Mutations

You are partially covered in large bone plates. (SH +4)
You are slightly more attuned to the shadows.


Message History

The hound skeleton barely misses you.
You hit the orc wizard but do no damage.
The orc wizard is poisoned.
You block the orc's attack. The orc wizard completely misses you.
The hound skeleton barely misses you.
You hit the orc wizard.
The orc wizard looks even sicker.
The orc wizard is lightly wounded.
The hound skeleton misses you. The orc barely misses you.
The orc wizard hits you with a +0 dagger.
* * * LOW HITPOINT WARNING * * *
You hit the orc wizard.
The orc wizard is moderately wounded.
You kill the orc!
The hound skeleton completely misses you.
The orc wizard gestures at you while chanting.
The magic dart hits you.
* * * LOW HITPOINT WARNING * * *
You see here a +0 whip.
The orc wizard points at you and mumbles some strange words.
You resist with some effort. The hound skeleton bites you.
You die...

.. #....................#
# ......................#
##......................#
#.....................##
#....................##
............##
...........# #........#
#.)@)## ###.Z.# ##o)##
##..# #........ #######..


You could see an orc wizard (very poisoned) and a hound skeleton.

Vanquished Creatures
  Sigmund (D:2)
  A centaur (D:2)
  2 orc priests
  An orc wizard (D:4)
  Natasha (thrice) (D:2)
  A hound zombie (D:3)
  11 adders
  7 gnolls
  2 oozes (D:3)
  An adder skeleton (D:4)
  A worm (D:2)
  2 dart slugs (D:1)
  3 leopard geckos
  9 orcs
  5 giant cockroaches
  18 goblins
  8 hobgoblins
  9 jackals
  2 quokkas
  11 bats
  10 frilled lizards
  11 kobolds
  12 rats
131 creatures vanquished.

Notes
Turn   | Place    | Note
-------+----------+-------------------------------------------
     0 | D:1      | Nixze the Demonspawn Assassin began the quest for the Orb.
     0 | D:1      | Reached XP level 1. HP: 16/16 MP: 1/1
    83 | D:1      | Reached skill level 1 in Dodging
    90 | D:1      | Gained mutation: You are partially covered in large bone
                  | plates. (SH +4) [demonic ancestry]
    90 | D:1      | Reached XP level 2. HP: 18/22 MP: 2/2
   883 | D:1      | Reached XP level 3. HP: 27/27 MP: 3/3
  1651 | D:2      | Noticed Sigmund
  1664 | D:2      | Killed Sigmund
  1664 | D:2      | Reached skill level 4 in Stealth
  1664 | D:2      | Gained mutation: You are slightly more attuned to the
                  | shadows. [demonic ancestry]
  1664 | D:2      | Reached XP level 4. HP: 27/34 MP: 4/4
  1664 | D:2      | Reached XP level 5. HP: 32/40 MP: 5/5
  1917 | D:2      | Reached XP level 6. HP: 47/47 MP: 6/6
  2709 | D:2      | Noticed Natasha
  2723 | D:2      | Killed Natasha
  2754 | D:2      | Found an ancient bone altar of Kikubaaqudgha.
  3049 | D:2      | Noticed Natasha
  3058 | D:2      | Killed Natasha
  3062 | D:2      | Noticed Natasha
  3066 | D:2      | Killed Natasha
  3066 | D:2      | Reached XP level 7. HP: 47/52 MP: 7/7
  4480 | D:3      | Found a basalt altar of Yredelemnul.
  4755 | D:4      | Reached skill level 5 in Stealth
  4759 | D:4      | HP: 1/53 [orc wizard/magic dart (5)]
  4761 | D:4      | Slain by a hound skeleton

Illustrated notes

Levels and vault maps discovered:
D:1:      dpeg_arrival_ratfight, layout_basic
D:2:      layout_basic, kiku_gazebo_garden_becter, minmay_joined_circles,
          uniq_sigmund, uniq_natasha
D:3:      layout_loops_ring, lemuel_round_altar, first_ration
D:4:      layout_cave_pods, lemuel_coloured_pillars_altar, marbit_many_paths,
          minmay_vboxes

Skill      XL: |  1  2  3  4  5  6  7 |
---------------+----------------------+-----
Dodging        | 1 2 3 |  3.0
Short Blades   | 2 3 4 |  4.7
Throwing       | 2 3 |  3.4
Stealth        | 4 5 |  5.0
Fighting       | 3 |  3.7

Action                   |  1- 3 |  4- 6 |  7- 9 || total
-------------------------+-------+-------+-------++-------
Melee: Dagger            |   128 |   144 |   220 ||   492
Throw: Dart              |       |       |     6 ||     6
  Use: Scroll            |     2 |     2 |     4 ||     8
 Stab: Sleeping          |     4 |    13 |     6 ||    23
       Distracted        |       |       |     1 ||     1
  Eat: Chunk             |     2 |     5 |     5 ||    12
Armor: Robe              |    17 |    22 |    39 ||    78
       Leather armour    |     8 |       |       ||     8
Dodge: Dodged            |    75 |    50 |   108 ||   233
Block: Other             |    17 |    16 |    35 ||    68

Table legend:
 A = Non-vault XP
 B = Vault XP
 C = Vault XP percentage of total XP
 D = Non-vault monster count
 E = Vault monster count
 F = Vault count percentage of total count
                 A         B        C        D         E       F
            +---------+---------+-------+---------+---------+-------
      Total |     608 |     430 |  41.4 |     107 |      24 |  18.3
            +---------+---------+-------+---------+---------+-------
        D:1 |      75 |       5 |   6.2 |      33 |       5 |  13.2
        D:2 |     234 |     425 |  64.5 |      30 |      19 |  38.8
        D:3 |     191 |       0 |   0.0 |      33 |       0 |   0.0
        D:4 |     108 |       0 |   0.0 |      11 |       0 |   0.0
            +---------+---------+-------+---------+---------+-------
